Cogmind - Beta 17 *** ADVENTURER MODE // 2026.08.24 @ 22:21:42 Player: Limbermonkey Result: Destroyed by C4-PD3(p) with EM Pulse Gun Performance ------------- Evolutions (0) 0 Regions Visited (4) 800 Robots Destroyed (42) 210 Value Destroyed (715) 715 Prototype IDs (0) 0 Alien Tech Used (0) 0 Bonus (800) 800 TOTAL SCORE: 2525 Bonus ------- Registered with UFD 300 Met Optimus in HQ 500 Cogmind --------- Core Integrity 0/250 Matter 280/300 Energy 71/100 System Corruption 1% Temperature Cool (0) Movement Walking (100) Location -7/Scraptown Parts ------- > --- POWER (1) -------- (None) > --- PROPULSION (2) --- Overtuned Titanium Leg Overtuned Titanium Leg > --- UTILITY (2) ------ Small Storage Unit Tech Extrapolator > --- WEAPON (2) ------- Light Assault Rifle > --- INVENTORY (8) ---- Light Treads Scrap Suit Large Battery (0) High-capacity Battery (250) Tractor Beam Heavy Battle Rifle Peak State ------------ > --- POWER ------------ Light Ion Engine > --- PROPULSION ------- Overtuned Titanium Leg Overtuned Titanium Leg > --- UTILITY ---------- Small Storage Unit Advanced Terrain Scanner > --- WEAPON ----------- Light Assault Rifle Heavy Battle Rifle > --- INVENTORY -------- Light Treads Scrap Suit High-capacity Battery Tech Extrapolator Tractor Beam Improved Grenade Launcher [Rating: 20] Favorites ----------- Power Light Ion Engine Engine Light Ion Engine Propulsion Aluminum Leg Treads Light Treads Leg Aluminum Leg Wheel Wheel Hover Unit Improved Hover Unit Utility Small Storage Unit Device Seismic Detector Storage Small Storage Unit Processor Tech Extrapolator Weapon Assault Rifle Ballistic Gun Assault Rifle Launcher Grenade Launcher Special Weapon Mining Laser Build | -11 -10 -10 -10 -7 ------- Run | Yrd Mat Min Sub Scr Slots Evolved . | . . . . . Power . | . . . . . Propulsion . | . . . . . Utility . | . . . . . Weapon . | . . . . . Parts Attached 27 | 12 4 3 . 8 Power 3 | 2 . 1 . . Engine 3 | 2 . 1 . . Core . | . . . . . Reactor . | . . . . . Propulsion 10 | 4 2 . . 4 Treads 2 | . 2 . . . Leg 4 | 1 . . . 3 Wheel 3 | 3 . . . . Hover 1 | . . . . 1 Flight . | . . . . . Utility 5 | 3 . . . 2 Device 3 | 2 . . . 1 Storage 1 | 1 . . . . Processor 1 | . . . . 1 Hackware . | . . . . . Protection . | . . . . . Artifact . | . . . . . Weapon 9 | 3 2 2 . 2 Energy Gun . | . . . . . Energy Cannon . | . . . . . Ballistic Gun 5 | 2 1 1 . 1 Ballistic Cannon . | . . . . . Launcher 3 | . 1 1 . 1 Special Weapon 1 | 1 . . . . Impact Weapon . | . . . . . Slashing Weapon . | . . . . . Piercing Weapon . | . . . . . Special Melee Weapon . | . . . . . Unidentified Prototypes . | . . . . . Parts Lost 10 | . 6 . . 4 Power 2 | . 1 . . 1 Propulsion 3 | . 2 . . 1 Utility 1 | . . . . 1 Weapon 4 | . 3 . . 1 Highest Loss Streak 4 | . 3 . . 4 To Critical Strikes . | . . . . . Average Backups 7 | 7 6 7 8 7 Power . | . . . . . Propulsion 3 | 4 3 3 4 2 Utility 1 | . 1 1 1 2 Weapon 2 | 1 1 2 3 2 Tool/Special . | . . . . . Unused Backups 7 | 2 . . . 5 Power . | . . . . . Propulsion 4 | 2 . . . 2 Utility 2 | . . . . 2 Weapon 1 | . . . . 1 Tool/Special . | . . . . . Average Slot Usage (%) 84 | . 87 99 100 73 Engine 13 | . 13 14 14 13 Treads 10 | . 9 28 28 . Leg 13 | . . . . 27 Wheel 3 | . 16 . . . Device 13 | . 14 14 14 13 Storage 14 | . 14 14 14 14 Ballistic Gun 12 | . 14 27 28 2 Peak Build Rating 20 | 7 7 10 10 20 Average Rating 8 | 5 6 8 10 8 On Entrance 6 | . 7 6 10 10 Avg Prop Armor Cover (%) 10 | 10 . . . 10 Naked Turns . | . . . . . Heaviest Build 15 | 15 14 15 15 15 Greatest Support 40 | 20 40 40 40 40 Greatest Overweight (x) 4 | 3 4 . . 1 Average Overweight (x) . | . . . . . Largest Inventory Capacity 8 | 8 8 8 8 8 Average Capacity 7 | 7 8 8 8 8 Most Carried 8 | 8 8 8 8 8 Average Carried 7 | 7 6 7 8 7 Final Capacity 8 | 8 8 8 8 8 Final Carried 8 | 8 5 8 8 7 Class Distribution -------------------- 85% | Mutant 14% | Scavenger-Mutant Dominant Class ---------------- Mutant | -10/Materials Mutant | -10/Mines Mutant | -10/Subcaves Mutant | -7/Scraptown Resources | -11 -10 -10 -10 -7 ----------- Run | Yrd Mat Min Sub Scr Matter Collected 1097 | 386 312 126 72 201 Remotely 194 | 194 . . . . Salvage Created 1351 | 202 614 232 180 123 Parts 85 | 17 42 11 10 5 Haulers Intercepted 1 | . 1 . . . Recyclers Shooed 2 | . 2 . . . Parts Field Recycled . | . . . . . Retrieved Matter . | . . . . . Parts Self-Destructed . | . . . . . Prevented . | . . . . . Parts Restored . | . . . . . Kills | -11 -10 -10 -10 -7 ------- Run | Yrd Mat Min Sub Scr Combat Hostiles Destroyed 21 | . 8 5 4 4 Guns 19 | . 8 5 4 2 AOE 2 | . . . . 2 Classes Destroyed 13 | 3 5 . 1 4 Worker 6 | 2 4 . . . Builder 2 | . 2 . . . Tunneler 6 | 5 1 . . . Hauler 1 | . 1 . . . Recycler 5 | 1 3 1 . . Watcher 1 | . 1 . . . Swarmer 9 | . 6 3 . . Grunt 4 | . 2 2 . . Subdweller 4 | . . . 4 . Federalist 1 | . . . . 1 Explorer 1 | . . . . 1 Ranger 1 | . . . . 1 Butcher 1 | . . . . 1 Best Kill Streak 6 | 3 6 2 3 4 Combat Bots Only 4 | . 3 2 3 4 Max Kills in Single Turn 2 | 1 2 1 1 1 Gunslinging . | . . . . . Exploded 1 | . . . . 1 Melee . | . . . . . Uniques/NPCs Destroyed . | . . . . . Combat | -11 -10 -10 -10 -7 -------- Run | Yrd Mat Min Sub Scr Hostile Shots Fired 175 | . 86 30 10 49 Missed 34 | . 16 4 3 11 Hits 141 | . 70 26 7 38 Projectile 141 | . 70 26 7 38 Critical Strikes 4 | . 2 1 . 1 Damage Taken 1228 | . 638 169 104 317 Core 251 | . 135 33 . 83 Absorbed by Shields . | . . . . . Ignored by Resistances 377 | . 199 56 29 93 Core Remaining (%) 100 | 100 . . . . Volleys Fired 132 | 22 78 11 12 9 Largest 2 | 2 2 2 2 2 Hottest 120 | 120 100 53 53 56 Shots Fired 177 | 25 89 21 24 18 Gun 166 | 22 85 21 24 14 Cannon . | . . . . . Launcher 7 | . 3 . . 4 Special 4 | 3 1 . . . Kinetic 166 | 22 85 21 24 14 Thermal 4 | 3 1 . . . Explosive 7 | . 3 . . 4 Electromagnetic . | . . . . . Robot Hit Streak 18 | 6 18 12 13 14 Robot Miss Streak 2 | 2 2 1 1 2 Penetration Max . | . . . . . Secondary Targets 3 | . 1 1 1 . Max Gunslinging Chain 1 | . 1 1 1 . Shots Hit Robots 127 | 16 64 16 20 11 Core Hits 58 | 9 25 7 7 10 Critical Kills . | . . . . . Critical Parts Destroyed 3 | 1 . 2 . . Critical Strikes 3 | 1 . 2 . . Destroy 3 | 1 . 2 . . Melee Attacks . | . . . . . Impact . | . . . . . Slashing . | . . . . . Piercing . | . . . . . Sneak Attacks . | . . . . . Combat Hostiles . | . . . . . Follow-up Attacks . | . . . . . Damage Inflicted 2377 | 204 898 232 295 748 Guns 1574 | 180 810 232 295 57 Cannons . | . . . . . Explosions 779 | . 88 . . 691 Melee . | . . . . . Ramming . | . . . . . Kinetic 1574 | 180 810 232 295 57 Thermal 24 | 24 . . . . Explosive 779 | . 88 . . 691 Electromagnetic . | . . . . . Impact . | . . . . . Slashing . | . . . . . Piercing . | . . . . . Highest Corruption 1 | . . . . 1 Average Corruption 1 | . . . . 1 Corruption Purged . | . . . . . Corruption Blocked . | . . . . . Overload Shots . | . . . . . Overflow Damage 62 | . 54 . . 8 Projectiles . | . . . . . Explosions 62 | . 54 . . 8 Melee . | . . . . . Knockbacks . | . . . . . Impact . | . . . . . Kinetic . | . . . . . Secondary . | . . . . . Self-Inflicted Damage 106 | . 106 . . . Shots 2 | . 2 . . . Rammed . | . . . . . Targets Rammed . | . . . . . Kicked . | . . . . . Crushed . | . . . . . Highest Temperature 87 | 20 20 24 . 87 Average Temperature 19 | 11 8 18 . 31 Received Heat Transfer 529 | . 258 42 30 199 Siege Activations . | . . . . . Martial Activations . | . . . . . Shielding Activations . | . . . . . Robots Disrupted . | . . . . . Combat Hostiles . | . . . . . Robots Corrupted . | . . . . . Combat Hostiles . | . . . . . Parts Fried . | . . . . . Impact Corruptions . | . . . . . Robots Melted . | . . . . . Combat Hostiles . | . . . . . Parts Melted . | . . . . . Heat Transferred 50 | 50 . . . . Parts Sabotaged . | . . . . . Parts Stolen . | . . . . . Parts Stripped . | . . . . . Power Chain Reactions . | . . . . . Alert | -11 -10 -10 -10 -7 ------- Run | Yrd Mat Min Sub Scr Maximum Alert Level . | . . . . . Low Security (%) 100 | 100 100 100 . . Level 1 . | . . . . . Level 2 . | . . . . . Level 3 . | . . . . . Level 4 . | . . . . . Level 5 . | . . . . . High Security . | . . . . . Max Security . | . . . . . Peak Influence 80 | 10 80 75 . . Initial . | . . . . . Average 23 | 1 30 26 . . Influence Increases 510 | 40 315 155 . . Destroy 0b10 Robot/C 260 | . 160 100 . . Destroy 0b10 Robot/NC 105 | 40 60 5 . . Destroy Leader 54 | . 34 20 . . Successful Hack 3 | . 3 . . . Disable Machine 27 | . 27 . . . Destroy Structure 31 | . 31 . . . Lose Combat Pursuer 30 | . . 30 . . Influence Decreases 510 | 40 312 158 . . Entered New Map 3 | . . 3 . . Time Decay 447 | 40 252 155 . . Lost Part 60 | . 60 . . . Squads Dispatched 2 | . 1 1 . . Investigation 1 | . 1 . . . Extermination . | . . . . . Reinforcement . | . . . . . Assault 1 | . . 1 . . Garrison . | . . . . . Intercept . | . . . . . Searches Triggered . | . . . . . Construction Impeded . | . . . . . Haulers Reinforced . | . . . . . Active Scanning Responses . | . . . . . Cargo Convoy Interrupts . | . . . . . Stealth | -11 -10 -10 -10 -7 --------- Run | Yrd Mat Min Sub Scr Distress Signals 1 | . 1 . . . Communications Jammed . | . . . . . Distress Signals . | . . . . . Times Spotted 37 | . 12 5 4 16 Peak Tracking Total 8 | . 5 3 2 8 Tactical Retreats 3 | . . 2 . 1 Traps | -11 -10 -10 -10 -7 ------- Run | Yrd Mat Min Sub Scr Traps Triggered 1 | . 1 . . . Indirectly . | . . . . . Trap Hack Attempts . | . . . . . Triggered . | . . . . . Disarmed . | . . . . . Reprogrammed . | . . . . . Reused . | . . . . . Traps Extracted . | . . . . . Installed . | . . . . . Triggered . | . . . . . Machines | -11 -10 -10 -10 -7 ---------- Run | Yrd Mat Min Sub Scr Machines Disabled 4 | . 3 . . 1 Max in Single Turn 2 | . 2 . . 1 Machines Repaired . | . . . . . Machines Dismantled . | . . . . . Machines Sabotaged . | . . . . . Overloaded Fab Kills . | . . . . . Hacking | -11 -10 -10 -10 -7 --------- Run | Yrd Mat Min Sub Scr Machines Accessed 10 | . 2 . . 8 Terminals 2 | . 2 . . . Fabricators . | . . . . . Repair Stations . | . . . . . Recycling Units . | . . . . . Scanalyzers . | . . . . . Garrison Access . | . . . . . Total Hacks 63 | . 5 . . 58 Successful 62 | . 4 . . 58 Failed 1 | . 1 . . . Catastrophic . | . . . . . Database Lockouts . | . . . . . Manual . | . . . . . Terminals 5 | . 5 . . . Fabricators . | . . . . . Repair Stations . | . . . . . Recycling Units . | . . . . . Scanalyzers . | . . . . . Garrison Access . | . . . . . Terminal Hacks 62 | . 4 . . 58 Record 60 | . 2 . . 58 Registered Components 1 | . 1 . . . Zone Layout 1 | . 1 . . . Fabricator Hacks . | . . . . . Repair Station Hacks . | . . . . . Recycling Unit Hacks . | . . . . . Scanalyzer . | . . . . . Garrison Access Hacks . | . . . . . Unauthorized Hacks . | . . . . . Terminals . | . . . . . Fabricators . | . . . . . Repair Stations . | . . . . . Recycling Units . | . . . . . Scanalyzers . | . . . . . Garrison Access . | . . . . . Data Cores Recovered . | . . . . . Used . | . . . . . Hacking Detections 1 | . 1 . . . Full Trace Events . | . . . . . Feedback Events . | . . . . . Feedback Blocked . | . . . . . Robot Schematics Acquired . | . . . . . Robots Built . | . . . . . Authchips . | . . . . . Time . | . . . . . Total Robot Build Rating . | . . . . . Part Schematics Acquired . | . . . . . Parts Built . | . . . . . Authchips . | . . . . . Time . | . . . . . Total Part Build Rating . | . . . . . Part Studies Acquired . | . . . . . Parts Repaired . | . . . . . Time . | . . . . . Parts Recycled . | . . . . . Recycled Matter . | . . . . . Retrieved Matter . | . . . . . Retrieved Components . | . . . . . Parts Scanalyzed . | . . . . . Part Schematics Acquired . | . . . . . Parts Damaged . | . . . . . Bothacking | -11 -10 -10 -10 -7 ------------ Run | Yrd Mat Min Sub Scr Used RIF Installer . | . . . . . Robots Hacked . | . . . . . Non-combat . | . . . . . Combat . | . . . . . Robot Hacks Applied . | . . . . . Relay Couplers Released . | . . . . . Fabnet Peak Effective % . | . . . . . Robots Rewired . | . . . . . Allies Hacked . | . . . . . Hacks Repelled . | . . . . . Allies | -11 -10 -10 -10 -7 -------- Run | Yrd Mat Min Sub Scr Total Allies 1 | . . 1 . . Largest Group 1 | . . 1 1 . Highest-Rated Group 31 | . . 31 31 . Highest-Rated Ally 31 | . . 31 31 . Total Orders . | . . . . . Ally Attacks 9 | . . . 9 . Total Damage 125 | . . . 125 . Kills . | . . . . . Allies Corrupted . | . . . . . Allies Melted 2 | . . . . 2 Intel | -11 -10 -10 -10 -7 ------- Run | Yrd Mat Min Sub Scr Active Infowar (turns) 2937 | 107 600 398 450 1382 Terrain 618 | . . . . 618 Seismic 2319 | 107 600 398 450 764 Robot Analysis Total . | . . . . . Derelict Logs Recovered 1 | . . 1 . . Drone Launches . | . . . . . Drone Recoveries . | . . . . . Exploration | -11 -10 -10 -10 -7 ------------- Run | Yrd Mat Min Sub Scr Turns Passed 3069 | 236 600 398 450 1385 Spaces Moved 2103 | 152 406 194 238 1113 Core 27 | 26 1 . . . Treads 552 | . 118 194 238 2 Legs 1096 | 7 . . . 1089 Wheels 406 | 119 287 . . . Hover 22 | . . . . 22 Flight . | . . . . . Fastest Speed 50 | 50 80 160 160 70 Average Speed 122 | 97 104 160 160 118 Slowest Speed 250 | 200 250 160 160 160 Overloaded Moves . | . . . . . Propulsion Burnouts . | . . . . . Robots Hopped . | . . . . . Potential Cave-ins . | . . . . . Cave-ins Triggered . | . . . . . Exploration Rate (%) 35 | 8 41 40 16 73 Regions Visited 4 Branch Regions 3 Pre-discovered Areas 2 | . . . 1 1 Known Exits Taken . | . . . . . Unknown Exits Taken 4 | 1 1 1 1 . Scrap Searched . | . . . . . Spaces Dug . | . . . . . Terrain Destroyed 73 | . 27 . 1 45 Melee . | . . . . . Projectile 3 | . 1 . 1 1 AOE 70 | . 26 . . 44 Terrain Rammed . | . . . . . Walls Destroyed . | . . . . . Machines Disabled . | . . . . . Actions | -11 -10 -10 -10 -7 --------- Run | Yrd Mat Min Sub Scr Total 2403 | 206 491 261 283 1162 Wait 90 | 8 . 43 34 5 Move 2099 | 151 405 193 237 1113 Hop . | . . . . . Pick Up 20 | 9 2 4 . 5 Fast Attach 13 | 7 . 2 . 4 Attach 10 | 1 5 1 . 3 Detach 4 | 1 . . . 3 Swap 16 | 4 1 3 . 8 Drop 19 | 3 . 4 . 12 Fire 132 | 22 78 11 12 9 Melee . | . . . . . Ram . | . . . . . Kick . | . . . . . Crush . | . . . . . Escape Stasis . | . . . . . Rewire . | . . . . . Trap . | . . . . . Miscellaneous . | . . . . . Route ------- -11/Scrapyard -10/Materials -10/Mines (discovered 2 exits: [*Mat] / [*Sub]) -10/Subcaves -7/Scraptown (discovered 2 exits: *Fac x2) History --------- Turn | Location | Event 47 | -11/Scrapyard | Discovered new exit (range 15) 237 | -11/Scrapyard | Entered Materials 314 | -10/Materials | Build established: Scavenger-Mutant 489 | -10/Materials | Discovered new exit (range 18) 617 | -10/Materials | Core integrity fell below 50% 651 | -10/Materials | Lost 3 parts (1p1n1w) 685 | -10/Materials | Build established: Mutant 837 | -10/Materials | Entered Mines 1013 | -10/Mines | A weapon hastily lodged in a ceiling crevice suddenly fell to the ground 1024 | -10/Mines | Learned Materials non-interactive machine intel 1079 | -10/Mines | Discovered new exit (range 7) 1097 | -10/Mines | Discovered new exit (range 8) 1134 | -10/Mines | Met a Derelict testing a Signal Generator 1235 | -10/Mines | Entered Subcaves 1235 | -10/Subcaves | Accompanied by 1 ally 1236 | -10/Subcaves | Approached by a straggling Scientist 1315 | -10/Subcaves | Learned location of Zion (-6) 1315 | -10/Subcaves | Met a Zionite searching for "candidates" 1335 | -10/Subcaves | Shifting Twisted Machinery released Flamer 1685 | -10/Subcaves | Entered Scraptown 2010 | -7/Scraptown | Discovered new exit (range 5) 2293 | -7/Scraptown | Visited Bundlers 2326 | -7/Scraptown | Visited CPS Storage 2364 | -7/Scraptown | Visited UFD Registry 2505 | -7/Scraptown | Visited Cyclists 2560 | -7/Scraptown | Registered with UFD as "Shortspreader" 2603 | -7/Scraptown | Entered Cyclist Reading Room 2738 | -7/Scraptown | Visited Scrapoid Pod Storage 2783 | -7/Scraptown | Met Optimus 2783 | -7/Scraptown | Accepted into 0bPrime 2865 | -7/Scraptown | Visited Abandonware Association 2881 | -7/Scraptown | Learned abandonware demo "HACKBUD.EXE" 2881 | -7/Scraptown | Learned abandonware demo "SHUTEYE.EXE" 2919 | -7/Scraptown | Civil war broke out across Scraptown 2956 | -7/Scraptown | Visited Scrap Suit Storage 2961 | -7/Scraptown | Found Scrap Suit 2977 | -7/Scraptown | Lost 4 allies 2993 | -7/Scraptown | Identified exit to Factory 3044 | -7/Scraptown | Core integrity fell below 20% 3070 | -7/Scraptown | Destroyed by C4-PD3(p) with EM Pulse Gun Last Messages --------------- 03052_ Penetrated by Bolt. 03052_ Lgt. Ion Engine destroyed. 03053_ Acquired 9 matter. 03054_ Penetrated by Bolt. 03055_ 16-VSC(h) destroyed. 03055_ Destroyed Imp. Hover Unit. 03055_ Destroyed EM Pulse Gun. 03056_ Acquired 14 matter. 03056_ Bolt penetrates Wall. 03056_ Imp. Grenade Launcher destroyed. 03058_ 3V-0EQ(g) destroyed. 03061_ GX-QUB(h) destroyed. 03063_ GB-TBE(j) cannibalizes Scrap Suit to repair Mak. Microdissipator Network. 03064_ Imp. Hover Unit destroyed. 03066_ Dropped Ovr. Titanium Leg. 03066_ Acquired Lrg. Battery. 03067_ Adv. Terrain Scanner destroyed. 03067_ Critical hit (Burn: +50). 03069_ Acquired Ovr. Titanium Leg. Map ----- +----------------------------------------------------+ | ?????????????????????????????????????????????????? | | ?????????????????????????????????#???????????????? | | ??????????????????????#??????????????????????????? | | ??????????#??????????????????????????????????????? | | ?????????????????????????????????????????????????? | | ???????????????????#????#?????????????????#??????? | | ???????????????????????#?????????#####???????????? | | ??????#??????#????#????????????? ###?????????? | | ??????????????????????????#????# #??????????? | | ???????????????????????####??# [ #????#?????? | | ???????????????#""????## =#### <=*##??#???????? | | ???????????""=##!! #### ![[!# %%[%%[ #??????????? | | ????????????*%!= =%!==!!!!*[*= % #??????????? | | ????????????????? /=!!=[*%%%!= == #??????????? | | ??????????????????????#*!% " #??????????? | | ???????????#?????#????##p[#### #?????????????? | | ?????????????????????#?#[!######?????????#???????? | | ?????????????#???#??#?##!j["""""?????????????????? | | ?????????????????"?????#=!#"""""??????????#??????? | | ??????????????????? ???#%=# "" ?"?????????????? | | ????? ???????? ???#!!#? ???????????????? | | ????#! ??????? ??#!%#??" ?????????????????? | | ????#! ???????" ??#=!#??"" ?? ?"?#?????????? | | ????#! ?????? " ??#%!#?" ??? ????????????? | | ????#! ?#?#???" ## g#?" "? ?? ???????????? | | ????#! !?#??" ?#[@#"" ????" ?#?????????? | | ????# ??????? ?##%*# = ?????????#????????? | | ????? ???#????? ???#!!#" %?????? ????????????? | | ?????# #???#?????# #???#[=## ##??????????????????? | | ###### #####""#"## #####*%## ##???####????#??????? | | """""" """""=! "" """""g!"" "#???"" #???????????? | | %% j!= "#? "#???????????? | | == !!=%/ "#? "#"??"???????? | | =[%*/ "#? !"#???????????? | | !*%!! "## "#"??????????? | | *!=%== "#???????????? | | """"""""""""""""""""""""=[! "## "#???????????? | | """""""""""""""""""""""*%!= "#?"""""#??????#????? | | #### ################""/= "########???????????? | | ##??#???#?#""%= "#???#?#????????????? | | X"#????????#""! "##?????????????????? | | "" "" ##??#?##??#" "#???????#???????#??? | | "" "" X"#??????###" "##?"" ??#??????#???? | | " " ######### #" "## " "#??????????? | | "" [[! #????#?????? | | "" =%= "## "" #???#?#????? | | " " ######### #"" %= "#?? "? ????#??????? | | "" "" ""#??##??###"" = "#??? ?????##??????? | | "" "" ###?????###"" #?##?##?????#??????? | | X"#?#??????#"" "#???????#???#??????? | +----------------------------------------------------+ Best States ------------- Heat Dissipation 25 Energy Generation 10 Energy Capacity 250 Matter Stores 300 Matter Capacity 300 Sight Range 16 Terrain Scan Range 20 Terrain Scan Density 10 Resistance: KI 20 Resistance: TH 20 Resistance: EX 20 Resistance: EM 20 Resistance: I 20 Resistance: S 20 Resistance: P 20 Evasion (%) 55 Recoil Reduction 2 Offensive Hacking 10 Item Schematics ----------------- None Robot Schematics ------------------ None Fabricated ------------ Nothing Repaired ---------- Nothing Studied --------- None Alien Tech Used ----------------- None Achievements -------------- Bob, First Of His Name Challenges ------------ None Game ------ Seed GlidesysThiefFalx Manual? 0 Play Time 01:22:27 Cumulative 31.0 hours Start 2026.08.23 @ 11:53:39 End 2026.08.24 @ 22:21:42 Sessions 4 Manual Loads 0 Difficulty Adventurer Special Mode None Game No. 21 Rogue 0 Adventurer 21 Explorer 0 Win Type - Total 0 Types 0/0/0/0/0/0/0/0/0/0 Lore% 17 Gallery% 23 Achievement% 19 Wizard Run 0 Options --------- Layout 1 ASCII 0 Keyboard 1 Movement Numpad Keybinds 0 Fullscreen 1 Font 48/Smallcaps Map View 50x35 Zoom Use 0% Tactical HUD 1 Map Filters NONE Filters NONE Steam 1 RUN: cfde0a4b-9e2d-4f8e-be7d-3bc2fed6686d